TOP OF THE 1ST |
Columbia River Rats batting - Pitching for Nebraska Plainsmen : RHP César Hernández
|
Pitching: RHP César Hernández
|
|
Batting: RHB Marcos Calderón
|
0-0: Swinging Strike 0-1: Ball 1-1: Ground out 5-3 (Groundball, 5L)
|
Batting: LHB António Ramos
|
0-0: Called Strike 0-1: Called Strike 0-2: Strikes out swinging
|
Batting: RHB Jan Gosselin
|
0-0: Swinging Strike 0-1: Swinging Strike 0-2: Ground out 5-3 (Groundball, 56)
|
Top of the 1st over - 0 run(s), 0 hit(s), 0 error(s), 0 left on base; Columbia 0 - Nebraska 0 |
BOTTOM OF THE 1ST |
Nebraska Plainsmen batting - Pitching for Columbia River Rats : RHP Santiago Paez
|
Pitching: RHP Santiago Paez
|
|
Batting: RHB Bartolo Benítez
|
0-0: Ball 1-0: Called Strike 1-1: Ball 2-1: Swinging Strike 2-2: Fly out, F8 (Flyball, 8LM)
|
Batting: RHB Young-hwan Hyon
|
0-0: Called Strike 0-1: Ball 1-1: SINGLE (Flyball, 8LS)
|
Batting: RHB Manny Rodríguez
|
0-0: Ball 1-0: Swinging Strike 1-1: Fly out, F9 (Flyball, 89M)
|
Batting: SHB Javier Zumaya
|
0-0: Called Strike 0-1: Ground out 1-3 (Groundball, 15)
|
Bottom of the 1st over - 0 run(s), 1 hit(s), 0 error(s), 1 left on base; Columbia 0 - Nebraska 0 |
TOP OF THE 2ND |
Columbia River Rats batting - Pitching for Nebraska Plainsmen : RHP César Hernández
|
Batting: LHB Luis Vicenteno
|
0-0: Ball 1-0: Swinging Strike 1-1: Foul Ball, location: 2F 1-2: Ball 2-2: Foul Ball, location: 2F 2-2: Strikes out swinging
|
Batting: RHB Miguel Montoya
|
0-0: Called Strike 0-1: Ball 1-1: Foul Ball, location: 2F 1-2: Ball 2-2: Ball 3-2: Ground out 6-3 (Groundball, 6)
|
Batting: RHB Bryce Bancroft
|
0-0: Called Strike 0-1: SINGLE (Line Drive, 4MD)
|
Batting: RHB Enrique Correa
|
0-0: Ground out 5-3 (Groundball, 5L)
|
Top of the 2nd over - 0 run(s), 1 hit(s), 0 error(s), 1 left on base; Columbia 0 - Nebraska 0 |
BOTTOM OF THE 2ND |
Nebraska Plainsmen batting - Pitching for Columbia River Rats : RHP Santiago Paez
|
Batting: RHB Mike Thompson
|
0-0: Swinging Strike 0-1: Ball 1-1: Foul Ball, location: 2F 1-2: Ground out 6-3 (Groundball, 6)
|
Batting: RHB Dani Trejo
|
0-0: Swinging Strike 0-1: Swinging Strike 0-2: Ball 1-2: Ball 2-2: Strikes out looking
|
Batting: LHB Pedro Gutiérrez
|
0-0: Ball 1-0: Ball 2-0: Foul Ball, location: 2F 2-1: Ball 3-1: Fly out, F8 (Line Drive, 8RD)
|
Bottom of the 2nd over - 0 run(s), 0 hit(s), 0 error(s), 0 left on base; Columbia 0 - Nebraska 0 |
TOP OF THE 3RD |
Columbia River Rats batting - Pitching for Nebraska Plainsmen : RHP César Hernández
|
Batting: RHB Héctor Gallegos
|
0-0: Ball 1-0: Foul Ball, location: 2F 1-1: Ball 2-1: SINGLE (Flyball, 8RS)
|
Batting: LHB Juan Montés
|
0-0: Ball 1-0: Ball 2-0: Fielders Choice at 2nd, 1-4 (Groundball, 25)
|
Batting: RHB Marcos Calderón
|
0-0: Called Strike Juan Montés is caught stealing 2nd base 0-1: Ball 1-1: Called Strike 1-2: Ground out 6-3 (Groundball, 56)
|
Top of the 3rd over - 0 run(s), 1 hit(s), 0 error(s), 0 left on base; Columbia 0 - Nebraska 0 |
BOTTOM OF THE 3RD |
Nebraska Plainsmen batting - Pitching for Columbia River Rats : RHP Santiago Paez
|
Batting: LHB Alex Willis
|
0-0: Ball 1-0: Called Strike 1-1: Ground out 3-1 (Groundball, 34)
|
Batting: RHB George St. Clair
|
0-0: Called Strike 0-1: Fly out, F9 (Line Drive, 9M)
|
Batting: RHB Bartolo Benítez
|
0-0: Ball 1-0: Ball 2-0: Fly out, F9 (Flyball, 89M)
|
Bottom of the 3rd over - 0 run(s), 0 hit(s), 0 error(s), 0 left on base; Columbia 0 - Nebraska 0 |
TOP OF THE 4TH |
Columbia River Rats batting - Pitching for Nebraska Plainsmen : RHP César Hernández
|
Batting: LHB António Ramos
|
0-0: Called Strike 0-1: Ball 1-1: Fly out, F6 (Popup, 6D)
|
Batting: RHB Jan Gosselin
|
0-0: Foul Ball, location: 2F 0-1: Foul Ball, location: 2F 0-2: SINGLE (Groundball, 2L) (infield hit)
|
Batting: LHB Luis Vicenteno
|
0-0: Fly out, F7 (Flyball, 7M)
|
Batting: RHB Miguel Montoya
|
0-0: Called Strike 0-1: Ball 1-1: Foul Ball, location: 2F 1-2: Ball 2-2: Strikes out swinging
|
Top of the 4th over - 0 run(s), 1 hit(s), 0 error(s), 1 left on base; Columbia 0 - Nebraska 0 |
BOTTOM OF THE 4TH |
Nebraska Plainsmen batting - Pitching for Columbia River Rats : RHP Santiago Paez
|
Batting: RHB Young-hwan Hyon
|
0-0: Ball 1-0: Ball 2-0: Ball 3-0: Called Strike 3-1: Fly out, F2 (Popup, 2R)
|
Batting: RHB Manny Rodríguez
|
0-0: Swinging Strike 0-1: Foul Ball, location: 2F 0-2: Ball 1-2: Ball 2-2: Strikes out swinging
|
Batting: SHB Javier Zumaya
|
0-0: Ball 1-0: Swinging Strike 1-1: Called Strike 1-2: Ground out 4-3 (Groundball, 4M)
|
Bottom of the 4th over - 0 run(s), 0 hit(s), 0 error(s), 0 left on base; Columbia 0 - Nebraska 0 |
TOP OF THE 5TH |
Columbia River Rats batting - Pitching for Nebraska Plainsmen : RHP César Hernández
|
Batting: RHB Bryce Bancroft
|
0-0: Foul Ball, location: 2F 0-1: Reached on error, E5 (Groundball, 5)
|
Batting: RHB Enrique Correa
|
0-0: Ball 1-0: Bunted foul 1-1: Bunted foul 1-2: Ball 2-2: Ball 3-2: Ground out 4-3 (Groundball, 13) Bryce Bancroft to second
|
Batting: RHB Héctor Gallegos
|
0-0: Ball 1-0: Ground out 4-3 (Groundball, 4) Bryce Bancroft to third
|
Batting: LHB Juan Montés
|
0-0: Intentional Walk
|
Batting: RHB Marcos Calderón
|
0-0: Called Strike 0-1: Ball 1-1: SINGLE (Groundball, 56D) Bryce Bancroft scores Juan Montés to second
|
Batting: LHB António Ramos
|
0-0: Foul Ball, location: 2F 0-1: Swinging Strike 0-2: Foul Ball, location: 2F 0-2: Strikes out swinging
|
Top of the 5th over - 1 run(s), 1 hit(s), 1 error(s), 2 left on base; Columbia 1 - Nebraska 0 |
BOTTOM OF THE 5TH |
Nebraska Plainsmen batting - Pitching for Columbia River Rats : RHP Santiago Paez
|
Batting: RHB Mike Thompson
|
0-0: Called Strike 0-1: Ball 1-1: Ground out 6-3 (Groundball, 6)
|
Batting: RHB Dani Trejo
|
0-0: Ground out 6-3 (Groundball, 6S)
|
Batting: LHB Pedro Gutiérrez
|
0-0: Called Strike 0-1: Ball 1-1: Foul Ball, location: 2F 1-2: Strikes out swinging
|
Bottom of the 5th over - 0 run(s), 0 hit(s), 0 error(s), 0 left on base; Columbia 1 - Nebraska 0 |
TOP OF THE 6TH |
Columbia River Rats batting - Pitching for Nebraska Plainsmen : RHP César Hernández
|
Batting: RHB Jan Gosselin
|
0-0: Called Strike 0-1: Ball 1-1: Ball 2-1: Ball 3-1: Base on Balls
|
Batting: LHB Luis Vicenteno
|
0-0: Ball 1-0: Called Strike 1-1: Foul Ball, location: 2F 1-2: Strikes out swinging Jan Gosselin steals 2nd base Batter strikes out.
|
Batting: RHB Miguel Montoya
|
0-0: Ball 1-0: Foul Ball, location: 2F 1-1: Foul Ball, location: 2F 1-2: Ball 2-2: Foul Ball, location: 2F 2-2: Ball 3-2: Base on Balls
|
Batting: RHB Bryce Bancroft
|
0-0: Ball 1-0: Foul Ball, location: 2F 1-1: Foul Ball, location: 2F 1-2: SINGLE (Groundball, 34) Jan Gosselin to third Miguel Montoya to second
|
Batting: RHB Enrique Correa
|
0-0: SINGLE (Groundball, 6M) Jan Gosselin scores Miguel Montoya to third Bryce Bancroft to second Runner from 3rd tries for Home, SAFE, no throw or cutoff
|
Batting: RHB Héctor Gallegos
|
0-0: Grounds into double play, 4-6-3 (Groundball, 4)
|
Top of the 6th over - 2 run(s), 2 hit(s), 0 error(s), 1 left on base; Columbia 3 - Nebraska 0 |
BOTTOM OF THE 6TH |
Nebraska Plainsmen batting - Pitching for Columbia River Rats : RHP Santiago Paez
|
Batting: LHB Alex Willis
|
0-0: Ball 1-0: Ball 2-0: Fly out, F8 (Flyball, 8RM)
|
Batting: RHB George St. Clair
|
0-0: Called Strike 0-1: Called Strike 0-2: Ball 1-2: Foul Ball, location: 2F 1-2: Ball 2-2: Strikes out swinging
|
Batting: RHB Bartolo Benítez
|
0-0: SINGLE (Line Drive, 34D)
|
Batting: RHB Young-hwan Hyon
|
0-0: Ball 1-0: Ball 2-0: Ball 3-0: Called Strike 3-1: Fly out, F4 (Popup, 4M)
|
Bottom of the 6th over - 0 run(s), 1 hit(s), 0 error(s), 1 left on base; Columbia 3 - Nebraska 0 |
TOP OF THE 7TH |
Columbia River Rats batting - Pitching for Nebraska Plainsmen : RHP César Hernández
|
Batting: LHB Juan Montés
|
0-0: Swinging Strike 0-1: Ground out U3 (Groundball, 3L)
|
Batting: RHB Marcos Calderón
|
0-0: Ball 1-0: Ball 2-0: Called Strike 2-1: SINGLE (Groundball, 56D)
|
Batting: LHB António Ramos
|
0-0: Called Strike 0-1: Ball 1-1: Called Strike 1-2: Strikes out swinging
|
Batting: RHB Jan Gosselin
|
0-0: Swinging Strike 0-1: Ball 1-1: Swinging Strike 1-2: Foul Ball, location: 2F 1-2: Foul Ball, location: 2F 1-2: Ball 2-2: Ball 3-2: Fly out, F7 (Flyball, 7M)
|
Top of the 7th over - 0 run(s), 1 hit(s), 0 error(s), 1 left on base; Columbia 3 - Nebraska 0 |
BOTTOM OF THE 7TH |
Nebraska Plainsmen batting - Pitching for Columbia River Rats : RHP Santiago Paez
|
Batting: RHB Manny Rodríguez
|
0-0: Ball 1-0: Foul Ball, location: 2F 1-1: Foul Ball, location: 2F 1-2: Foul Ball, location: 2F 1-2: Ball 2-2: Strikes out looking
|
Batting: SHB Javier Zumaya
|
0-0: Foul Ball, location: 2F 0-1: Ball 1-1: Fly out, F4 (Popup, 3D)
|
Batting: RHB Mike Thompson
|
0-0: Ground out 4-3 (Groundball, 4)
|
Bottom of the 7th over - 0 run(s), 0 hit(s), 0 error(s), 0 left on base; Columbia 3 - Nebraska 0 |
TOP OF THE 8TH |
Columbia River Rats batting - Pitching for Nebraska Plainsmen : RHP César Hernández
|
Pitching: RHP Robinson Reyes
|
|
Batting: LHB Luis Vicenteno
|
0-0: DOUBLE (Flyball, 78XD)
|
Batting: RHB Miguel Montoya
|
0-0: SINGLE (Groundball, 56D) Luis Vicenteno to third Runner from 3rd tries for Home, SAFE, no throw or cutoff
|
Batting: RHB Bryce Bancroft
|
0-0: Sac Bunt - play at first, batter safe! Miguel Montoya to second
|
Batting: RHB Enrique Correa
|
0-0: Ball 1-0: Ball Miguel Montoya steals 3rd base Bryce Bancroft to second 2-0: Ground out 6-3 (Groundball, 6M) Miguel Montoya scores Bryce Bancroft to third
|
Batting: RHB Héctor Gallegos
|
0-0: Called Strike 0-1: Ball 1-1: Ball 2-1: Foul Ball, location: 2F 2-2: Foul Ball, location: 2F 2-2: Foul Ball, location: 2F 2-2: Ball 3-2: Ground out 5-3 (Groundball, 56) Bryce Bancroft scores
|
Batting: LHB Juan Montés
|
0-0: Ball 1-0: Ball 2-0: Ground out 4-3 (Groundball, 4)
|
Top of the 8th over - 3 run(s), 3 hit(s), 0 error(s), 0 left on base; Columbia 6 - Nebraska 0 |
BOTTOM OF THE 8TH |
Nebraska Plainsmen batting - Pitching for Columbia River Rats : RHP Santiago Paez
|
Batting: RHB Dani Trejo
|
0-0: DOUBLE (Line Drive, 9LS)
|
Batting: LHB Pedro Gutiérrez
|
0-0: Ball 1-0: Ball 2-0: Called Strike 2-1: Swinging Strike 2-2: Ground out 4-3 (Groundball, 4) Dani Trejo to third
|
Batting: LHB Alex Willis
|
0-0: Ball 1-0: Ball 2-0: Ball 3-0: Base on Balls
|
Batting: RHB George St. Clair
|
0-0: Ball 1-0: Ball 2-0: Ball 3-0: Called Strike 3-1: Base on Balls Alex Willis to second
|
Batting: RHB Bartolo Benítez
|
0-0: Ball 1-0: Ball 2-0: Called Strike 2-1: Called Strike 2-2: Fielders Choice at 2nd, 5-4 (Groundball, 56) Dani Trejo scores Alex Willis to third
|
Pitching: RHP Juan Lara
|
|
Batting: RHB Young-hwan Hyon
|
0-0: Ball 1-0: Foul Ball, location: 2F 1-1: Foul Ball, location: 2F 1-2: Ball 2-2: Ball 3-2: Base on Balls Bartolo Benítez to second
|
Pitching: RHP Manny Pérez
|
|
Batting: RHB Manny Rodríguez
|
0-0: Ball 1-0: Ball 2-0: Called Strike 2-1: Foul Ball, location: 2F 2-2: Strikes out swinging
|
Bottom of the 8th over - 1 run(s), 1 hit(s), 0 error(s), 3 left on base; Columbia 6 - Nebraska 1 |
TOP OF THE 9TH |
Columbia River Rats batting - Pitching for Nebraska Plainsmen : RHP Robinson Reyes
|
Pitching: RHP Godfrey Burghardt
|
|
Batting: RHB Marcos Calderón
|
0-0: Foul Ball, location: 2F 0-1: Ball 1-1: Foul Ball, location: 2F 1-2: Strikes out swinging
|
Batting: LHB António Ramos
|
0-0: Foul Ball, location: 2F 0-1: Called Strike 0-2: Ball 1-2: Ball 2-2: SINGLE (Groundball, 34D)
|
Batting: RHB Jan Gosselin
|
0-0: Ball 1-0: Ball 2-0: Called Strike 2-1: Foul Ball, location: 2F 2-2: Grounds into double play, 6-4-3 (Groundball, 6M)
|
Top of the 9th over - 0 run(s), 1 hit(s), 0 error(s), 0 left on base; Columbia 6 - Nebraska 1 |
BOTTOM OF THE 9TH |
Nebraska Plainsmen batting - Pitching for Columbia River Rats : RHP Manny Pérez
|
Pitching: LHP Joaquín Ramírez
|
|
Now in LF: Ron Spence
|
|
Batting: SHB Javier Zumaya
|
0-0: Ball 1-0: Called Strike 1-1: Ball 2-1: Called Strike 2-2: Strikes out swinging
|
Batting: RHB Mike Thompson
|
0-0: Ball 1-0: Ground out 6-3 (Groundball, 6M)
|
Batting: RHB Dani Trejo
|
0-0: Ball 1-0: Foul Ball, location: 2F 1-1: Ball 2-1: Ball 3-1: SINGLE (Groundball, 6M)
|
Batting: LHB Pedro Gutiérrez
|
0-0: Ball 1-0: Called Strike 1-1: Foul Ball, location: 2F 1-2: Strikes out swinging
|
Bottom of the 9th over - 0 run(s), 1 hit(s), 0 error(s), 1 left on base; Columbia 6 - Nebraska 1 |
|